 Dungeon Crawl Stone Soup version 0.32-a0-406-gdbcfc42 (webtiles) character file.

Game seed: 11809814496931744043

7296 staltz the Grappler (level 11, -3/72 HPs)
             Began as a Djinni Shapeshifter on Feb 20, 2024.
             Was an Initiate of Ashenzari.
             Killed from afar by an electric eel (13 damage)
             ... with a bolt of electricity
             ... on level 10 of the Dungeon.
             The game lasted 00:45:35 (15096 turns).

staltz the Grappler (Djinni Shapeshifter)          Turns: 15096, Time: 00:45:35

Health: -3/72      AC: 13    Str: 21    XL:     11   Next: 34%
Gold:   436        EV:  8    Int: 13    God:    Ashenzari [......] SH:  5 Dex: 14

rFire   + +          .
                       - Unarmed
rCold   x . .        (no shield)
rNeg    . . .        q - +0 plate armour
rPois   ∞            (helmet currently unavailable)
rElec   .            (cloak currently unavailable)
rCorr   .            (gloves currently unavailable)
SInv    .            (boots unavailable)
Will    ++...        e - amulet of reflection Stlth
                     p - ring of the Clairvoyant Oracle {Str+6, Self, Fort} (curse)
HPRegen 0.32/turn    y - ring of willpower
MPRegen 0.00/turn

%: reflection, infuse magic (-4 HP)
@: beast-form, flying, studying Long Blades
A: beast (slay +4), flying, sickness immunity, fire resistance 2, cold
vulnerability 1, float, innate caster, HP casting, extra vitality 1
a: Begin Untransformation, Renounce Religion, Shatter the Chains


You were on level 10 of the Dungeon.
You worshipped Ashenzari.
Ashenzari was noncommittal.
You were a hulking beast.
You visited 2 branches of the dungeon, and saw 11 of its levels.
You also visited: Bailey.

You collected 436 gold pieces.

Inventory:

Missiles
 f - 48 stones
 R - 6 poisoned darts (quivered)
Armour
 a - a +0 animal skin
 q - a +0 plate armour (worn)
 r - a +0 leather armour
 t - a scarf of repulsion
 z - a scarf of harm
 E - a +0 helmet
Magical Staves
 n - a staff of alchemy
 F - a staff of death
Jewellery
 e - an amulet of reflection (around neck)
 i - a ring of protection from fire
 p - the cursed ring of the Clairvoyant Oracle (left hand) {Str+6, Self, Fort}
   (You found it on level 2 of the Dungeon)

   [ring of strength]

   Str+6:     It affects your strength (+6).
   It has a curse which improves the following skills: Introspection: Fighting
   and Spellcasting.
   Fortitude: Armour and Shields.
 y - a ring of willpower (right hand)
Talismans
 c - a beast talisman (active)
 d - a flux talisman
 I - a maw talisman
Wands
 m - a wand of charming (8)
 G - a wand of polymorph (12)
Scrolls
 g - 2 scrolls of amnesia
 h - a scroll of poison {unknown}
 l - 4 scrolls of fear
 s - 3 scrolls of teleportation
 u - a scroll of fog {unknown}
 w - 2 scrolls of noise {unknown}
 A - 2 scrolls of revelation
 B - 4 scrolls of blinking
 C - 2 scrolls of enchant armour {unknown}
 H - a scroll of butterflies {unknown}
 N - a scroll of immolation {unknown}
 P - a scroll of brand weapon {unknown}
 Q - a scroll of silence {unknown}
 S - a scroll of torment {unknown}
Potions
 b - a potion of lignification
 j - 5 potions of curing
 k - 2 potions of haste {unknown}
 o - 2 potions of might {unknown}
 v - 5 potions of mutation
 x - 2 potions of degeneration {unknown}
 D - 6 potions of magic
 J - 4 potions of cancellation {unknown}
 K - 3 potions of heal wounds {unknown}
 L - 2 potions of resistance {unknown}
 M - a potion of brilliance {unknown}
 O - a potion of attraction {unknown}


   Skills:
 + Level 3.5(3.9) Fighting
 - Level 0.8 Throwing
 + Level 7.7(8.1) Armour
 + Level 4.1 Dodging
 + Level 1.2 Stealth
 + Level 2.7(3.1) Shields
 + Level 11.5 Unarmed Combat
 + Level 0.6 Evocations
 - Level 7.0 Shapeshifting


You knew the following spells:

 Your Spells              Type           Power      Damage    Failure   Level
a - Apportation           Tloc           0%         N/A       99%         1
b - Lesser Beckoning      Tloc           0%         N/A       100%        2
c - Swiftness             Air            0%         N/A       100%        3
d - Fugue of the Fallen   Necr           0%         N/A       100%        3
e - Sticky Flame          Fire/Alch      0%         2d4       100%        4
Your spell library was empty.


Dungeon Overview and Level Annotations

Branches:
Dungeon (10/15)            Temple (1/1) D:6            Lair (0/5) D:8
 Bailey (visited)
    Orc: D:9-12

Altars:
Ashenzari
Cheibriados
Dithmenos
Elyvilon
Fedhas
Gozag
Hepliaklqana
Makhleb
Nemelex Xobeh
Okawaru
Qazlal
Ru
Trog
Uskayaw
Wu Jian
Xom
Yredelemnul
Zin
The Shining One

Shops:
D:6 *   D:10 :


Innate Abilities, Weirdness & Mutations

You are a hulking beast.
Your limbs bulge with bestial killing power. (Slay +4)
You are flying.
You are immune to sickness and miasma.
You are immune to poison.
Your flesh is very heat resistant. (rF++)
You are vulnerable to cold. (rC-)
You float through the air rather than walking.
You learn spells naturally, not from books.
Your magical power is your life essence.
You have superior vitality. (+4 MHP)


Message History

You punch the electric eel!
The electric eel is severely wounded.
The electric eel shoots out a bolt of lightning at you!
The bolt of electricity hits you! x2
The bolt of electricity misses the electric eel.
You punch the electric eel!
You kill the electric eel!
You hear a splash.
s - 3 scrolls of teleportation (gained 1)
You start resting.
A wraith comes into view.
You start resting.
HP restored.
You start waiting.
An electric eel is nearby!
The electric eel shoots out a bolt of lightning at you!
The bolt of electricity hits you!
You start resting.
HP restored.
Found a scroll labelled SAMUXERYRPH.
The electric eel shoots out a bolt of lightning at you!
The bolt of electricity hits you! The bolt of electricity hits you.
The electric eel shoots out a bolt of lightning at you!
The bolt of electricity hits you. The bolt of electricity hits you!
The bolt of electricity hits the electric eel.
The electric eel completely resists.
You hit the electric eel.
The electric eel is moderately wounded.
You miss the electric eel.
The electric eel is moderately wounded.
The electric eel shoots out a bolt of lightning at you!
The bolt of electricity hits you! x2
* * * LOW HITPOINT WARNING * * *
The bolt of electricity hits the electric eel.
The electric eel completely resists.
The electric eel shoots out a bolt of lightning at you!
The bolt of electricity hits you!
* * * LOW HITPOINT WARNING * * *
The bolt of electricity hits you!
You die...

### #.. .# #.# #.# # #.#
#.##########
#######.#####..##~~~...~
?..................~~#~~
########h##.#...§~..~~~~~ #.#.~#
#.~S...~§~≈..~~~~~
#.#~~~####~~~~~.§.§~..~~~~~
..~~~~~~~~~~~~~...§.§.~~~~#
##..~~~~~~~~~~~~~..§§.....†~.#
#~~~~~~~~~~~~~~~~~..........†.#
##~~~~~~~~.~~~~~~~...~..#........
~~~~~~~~~..#~~~~~##..........####
~~~~~~~~~..#.#~~........#.###.# #


You could see an electric eel.

Vanquished Creatures
  A gargoyle (D:10)
  A troll (D:9)
  A wyvern (D:9)
  5 yaks (D:8)
  Grum (D:9)
  2 steam dragons (D:8)
  A water moccasin (D:7)
  4 orc warriors
  A sky beast (D:7)
  A black bear (D:8)
  An ice beast (D:6)
  4 wolves (D:9)
  2 centaurs
  An ogre (D:7)
  2 phantoms (D:5)
  A kobold brigand (D:10)
  A gnoll sergeant (D:9)
  5 bullfrogs
  6 scorpions
  13 wights
  17 killer bees
  3 electric eels (D:10)
  3 bombardier beetles (D:5)
  6 orc priests
  2 hounds (D:4)
  A jelly (D:7)
  3 iguanas
  3 sleepcaps
  12 orc wizards
  19 gnolls
  10 adders
  2 white imps
  4 ufetubi
  6 dart slugs
  4 ribbon worms
  39 orcs
  5 endoplasms
  3 giant cockroaches
  8 goblins
  8 hobgoblins
  7 jackals
  6 quokkas
  5 ball pythons
  5 bats
  2 frilled lizards (D:3)
  15 kobolds
  2 rats (D:1)
254 creatures vanquished.

Vanquished Creatures (collateral kills)
  A komodo dragon (D:8)
  2 gnolls (Bailey)
  An orc (D:8)
4 creatures vanquished.

Vanquished Creatures (others)
  A gnoll (Bailey)
1 creature vanquished.

Grand Total: 259 creatures vanquished

Notes
Turn   | Place    | Note
-------+----------+-------------------------------------------
     0 | D:1      | staltz the Djinni Shapeshifter began the quest for the Orb.
     0 | D:1      | Reached XP level 1. HP: 17/17 MP: 0/0
   183 | D:1      | Reached XP level 2. HP: 19/22 MP: 0/0
   360 | D:1      | Reached XP level 3. HP: 27/27 MP: 0/0
   360 | D:1      | Learned a level 1 spell: Apportation
  1191 | D:2      | Reached XP level 4. HP: 18/32 MP: 0/0
  1491 | D:2      | Reached skill level 4 in Unarmed Combat
  1675 | D:2      | Reached XP level 5. HP: 33/37 MP: 0/0
  1675 | D:2      | Learned a level 2 spell: Lesser Beckoning
  1742 | D:2      | Found a stormy altar of Qazlal.
  2623 | D:3      | Found a burning altar of Makhleb.
  2801 | D:3      | Reached XP level 6. HP: 42/42 MP: 0/0
  3266 | D:3      | Reached skill level 5 in Unarmed Combat
  3755 | D:4      | Found a bloodstained altar of Trog.
  3798 | D:4      | Reached skill level 1 in Stealth
  4033 | D:4      | Found a blossoming altar of Fedhas.
  4092 | D:4      | Reached skill level 1 in Armour
  4092 | D:4      | Reached XP level 7. HP: 40/47 MP: 0/0
  4092 | D:4      | Learned a level 3 spell: Swiftness
  4762 | D:5      | Entered Level 5 of the Dungeon
  4865 | D:5      | Reached skill level 6 in Unarmed Combat
  5045 | D:5      | Reached XP level 8. HP: 54/54 MP: 0/0
  5478 | D:5      | Reached skill level 7 in Unarmed Combat
  5803 | D:6      | Found Uxzem's Fire Supplies.
  5911 | D:6      | Found a staircase to the Ecumenical Temple.
  5972 | D:6      | Found a sparkling altar of Nemelex Xobeh.
  6038 | Temple   | Entered the Ecumenical Temple
  6357 | D:6      | Reached skill level 5 in Shapeshifting
  6505 | D:6      | Reached XP level 9. HP: 52/58 MP: 0/0
  6505 | D:6      | Learned a level 3 spell: Fugue of the Fallen
  6587 | D:6      | Reached skill level 8 in Unarmed Combat
  7026 | D:7      | Found a hide-covered altar of Uskayaw.
  7257 | D:7      | Found a white marble altar of Elyvilon.
  7617 | D:7      | Reached skill level 9 in Unarmed Combat
  7621 | D:7      | Identified the +1 robe of Valiance {Stlth+}
  7851 | D:7      | Found a basalt altar of Yredelemnul.
  8423 | D:8      | Noticed a two-headed ogre
  8528 | D:7      | Reached skill level 5 in Armour
  8786 | D:8      | Reached XP level 10. HP: 29/64 MP: 0/0
  9025 | D:8      | Reached skill level 1 in Shields
  9738 | D:8      | Noticed a komodo dragon
  9747 | D:8      | Killed a komodo dragon
  9748 | D:8      | Reached skill level 10 in Unarmed Combat
 10486 | D:8      | Found a staircase to the Lair.
 10731 | D:9      | Found a flagged portal.
 10752 | Bailey   | Entered a bailey
 11964 | D:9      | Found a broken altar of Ashenzari.
 12202 | D:9      | Became a worshipper of Ashenzari the Shackled
 12265 | D:9      | Reached XP level 11. HP: 64/71 MP: 0/0
 12265 | D:9      | Learned a level 4 spell: Sticky Flame
 12355 | D:9      | Noticed Grum
 12365 | D:9      | Killed Grum
 12554 | D:9      | Reached skill level 11 in Unarmed Combat
 12957 | D:10     | Entered Level 10 of the Dungeon
 12990 | D:10     | Found a stormy altar of Qazlal.
 13379 | D:10     | Noticed a two-headed ogre
 13716 | D:10     | Found Wuinnon's Book Emporium.
 13867 | D:10     | HP: 1/72 [electric eel/bolt of electricity (6)]
 15096 | D:10     | Killed from afar by an electric eel

Illustrated notes

Levels and vault maps discovered:
D:1:      amcnicky_arrival_feature_with_door, layout_basic, grunt_decor_cap
D:2:      wad_woods_stonehenge, layout_basic, grunt_ministairs_5,
          kennysheep_cross_room, nicolae_elevator_lobby_asterisk
D:3:      layout_basic, general_overflow_altar, roderic_nine_men_s_morris
D:4:      layout_basic, fedhas_altar_2, mainiacjoe_overflow_brackets,
          kennysheep_generic_room_15
D:5:      layout_gridville, grunt_ministairs_15
D:6:      layout_cave_pods, nemelex_spade_bored_becter, temple_doors_cd,
          minivault_23, nicolae_shop_fire_sale [nicolae_sub_dead_trees]
D:7:      layout_basic, mainiacjoe_overflow_alcove_2,
          mainiacjoe_overflow_alcove_4, mainiacjoe_overflow_catwalk
D:8:      layout_gridville, david_lair_shrubbed
D:9:      layout_gridville, nicolae_vehumet_radiance, evilmike_ruin_ashenzari,
          enter_bailey_2, uniq_grum
D:10:     layout_basic, nicolae_qazlal_scattered_showers, serial_shops,
          nicolae_book_shop_shelving
Temple:   nicolae_temple_bog_church

Skill      XL: |  1  2  3  4  5  6  7  8  9 10 11 |
---------------+----------------------------------+-----
Shapeshifting  | 3 4 5 6 7 |  7.0
Unarmed Combat | 4 5 6 7 9 10 11 | 11.5
Dodging        | 3 4 |  4.1
Stealth        | 1 |  1.2
Armour         | 1 2 3 5 6 7 |  7.7
Fighting       | 2 3 |  3.5
Shields        | 2 |  2.7
Throwing       | |  0.8
Evocations     | |  0.6

Action                     |  1- 3 |  4- 6 |  7- 9 | 10-12 || total
---------------------------+-------+-------+-------+-------++-------
  Melee: Unarmed           |    66 |   183 |   334 |   301 ||   884
         Punch             |     1 |     6 |    21 |    21 ||    49
  Throw: Stone             |    15 |    25 |     7 |    15 ||    62
         Throwing net      |       |       |       |     2 ||     2
 Invoke: Curse Item        |       |       |       |     1 ||     1
  Evoke: Wand              |       |       |     1 |     8 ||     9
    Use: Scroll            |       |     1 |     5 |     6 ||    12
         Potion            |       |       |     1 |       ||     1
   Stab: Sleeping          |     1 |     2 |       |       ||     3
 Armour: Animal skin       |    27 |    48 |       |       ||    75
         Plate armour      |       |    34 |   251 |   297 ||   582
         Leather armour    |       |    20 |       |       ||    20
         Skin              |       |       |    70 |    14 ||    84
  Dodge: Dodged            |    29 |    75 |    96 |   111 ||   311
  Block: Other             |       |       |    24 |    69 ||    93

Table legend: (Time is in decaauts)
 A = Elapsed time spent in this place.
 B = Non-inter-level travel time spent in this place.
 C = Inter-level travel time spent in this place.
 D = Time resting spent in this place.
 E = Time spent auto-exploring this place.
 F = Levels seen in this place.
 G = Mean time per level.
                   A        B        C        D        E       F      G
               +--------+--------+--------+--------+--------+-----+--------+
         Total |  14977 |  14304 |    673 |   3971 |   7079 |  12 | 1248.1 |
       Dungeon |  13802 |  13141 |    661 |   3389 |   6749 |  10 | 1380.2 |
        Temple |     30 |     18 |     12 |      0 |      5 |   1 |   30.0 |
        Bailey |   1144 |   1144 |      0 |    582 |    325 |   1 | 1144.0 |
               +--------+--------+--------+--------+--------+-----+--------+

Top non-repeatable levels by time:
    D:10: 2056 daAuts
     D:8: 2044 daAuts
     D:2: 1543 daAuts
     D:7: 1537 daAuts
     D:6: 1263 daAuts
     D:3: 1219 daAuts
     D:9: 1162 daAuts
  Bailey: 1144 daAuts
     D:4: 1034 daAuts
     D:1: 980 daAuts
     D:5: 960 daAuts
  Temple: 30 daAuts
